 Dungeon Crawl Stone Soup version 0.30.1-4-g462c640d31 (webtiles) character file.

Game seed: 9137503024538673597

12837 Peloso the Carver (level 11, -1/95 HPs)
             Began as a Minotaur Fighter on Aug 13, 2023.
             Was a High Priest of Okawaru.
             Slain by a boulder beetle (32 damage)
             ... on level 10 of the Dungeon.
             The game lasted 00:33:22 (10501 turns).

Peloso the Carver (Minotaur Fighter)               Turns: 10501, Time: 00:33:23

Health: -1/95      AC: 20    Str: 23    XL:     11   Next: 67%
Magic:  10/10      EV:  6    Int:  5    God:    Okawaru [*****.]
Gold:   486        SH: 16    Dex: 12    Spells: 10/10 levels left

rFire   + . .        a - +2 falchion (heavy)
rCold   + . .        d - +0 tower shield {rN+}
rNeg    + . .        v - +2 plate armour {Will+}
rPois   .            (helmet restricted)
rElec   .            m - scarf {rC+ rF+}
rCorr   .            n - +0 pair of gloves
SInv    .            y - +0 pair of boots
Will    +....        (no amulet) Stlth
                     (no ring)
HPRegen 0.35/turn    (no ring)
MPRegen 0.12/turn

%: no passive effects
@: no status effects
A: horns 2, retaliatory headbutt
a: Renounce Religion, Heroism, Finesse, Duel


You were on level 10 of the Dungeon.
You worshipped Okawaru.
Okawaru was extremely pleased with you.
You visited 2 branches of the dungeon, and saw 11 of its levels.

You collected 566 gold pieces.
You spent 80 gold pieces at shops.

Inventory:

Hand Weapons
 a - a +2 heavy falchion (weapon)
 b - a +0 scimitar of flaming
Armour
 c - a +0 chain mail
 d - a +0 tower shield of positive energy (worn)
 m - a scarf of resistance (worn)
 n - a +0 pair of gloves (worn)
 v - a +2 plate armour of willpower (worn)
 y - a +0 pair of boots (worn)
 G - a +0 cloak of willpower
Jewellery
 D - a ring of willpower
 J - an amulet of faith
 M - a +5 ring of evasion
Wands
 p - a wand of charming (9)
 x - a wand of roots (21)
 B - a wand of flame (2)
 L - a wand of light (6)
 N - a wand of polymorph (7)
Scrolls
 g - 4 scrolls of immolation {unknown}
 h - a scroll of brand weapon
 i - 2 scrolls of magic mapping
 k - 3 scrolls of silence {unknown}
 o - a scroll of fear
 r - a scroll of identify
 t - a scroll of enchant weapon {unknown}
 z - 2 scrolls of amnesia {unknown}
 A - 2 scrolls of poison {unknown}
 C - 2 scrolls of fog {unknown}
 I - a scroll of enchant armour {unknown}
 K - a scroll of teleportation {unknown}
 O - a scroll of blinking {unknown}
Potions
 e - 5 potions of curing
 f - 4 potions of attraction
 j - a potion of might
 l - 4 potions of magic
 q - 2 potions of mutation
 s - a potion of degeneration {unknown}
 u - a potion of heal wounds
 w - a potion of flight {unknown}
 E - 3 potions of lignification {unknown}
 H - a potion of berserk rage {unknown}


   Skills:
 + Level 8.9 Fighting
 + Level 13.4 Long Blades
 + Level 1.1 Staves
 + Level 11.7 Armour
 + Level 2.3 Dodging
 + Level 0.7 Stealth
 + Level 11.9 Shields
 + Level 1.3 Invocations


You had 10 spell levels left.
You didn't know any spells.
Your spell library contained the following spells:

 Spells                   Type           Power      Damage    Failure   Level
 Beastly Appendage        Tmut           0%         N/A       100%        1
 Shock                    Conj/Air       0%         1d3       100%        1
 Ensorcelled Hibernation  Hex/Ice        0%         N/A       100%        2
 Passwall                 Tmut/Erth      0%         N/A       100%        2
 Wereblood                Tmut           0%         N/A       100%        2
 Spider Form              Tmut/Pois      0%         N/A       100%        3
 Swiftness                Air            0%         N/A       100%        3
 Airstrike                Air            0%         2d(0-16)  100%        4


Dungeon Overview and Level Annotations

Branches:
Dungeon (10/15)            Temple (1/1) D:6            Lair (0/5) D:8
    Orc: D:9-12

Altars:
Dithmenos
Elyvilon
Gozag
Kikubaaqudgha
Nemelex Xobeh
Okawaru
Qazlal
Ru
Sif Muna
Vehumet
Xom
Yredelemnul
Zin
The Shining One

Shops:
D:4 (   D:8 ?   D:9 *


Innate Abilities, Weirdness & Mutations

You have a pair of horns on your head.
You reflexively headbutt those who attack you in melee.


Message History

The boulder beetle is severely wounded.
The boulder beetle bites you but does no damage.
You hit the boulder beetle.
The boulder beetle is severely wounded.
The boulder beetle leaps!
The boulder beetle curls into a ball and begins rolling!
The boulder beetle hits you!!
* * * LOW HITPOINT WARNING * * *
The boulder beetle stops rolling and uncurls.
You hit the boulder beetle.
The boulder beetle is severely wounded.
The boulder beetle leaps!
Aiming: Mindburst
Press: ? - help, Shift-Dir - straight line, f - boulder beetle
Aim: a boulder beetle (severely wounded, chance to affect: 47%)
The boulder beetle resists with some effort.
Aiming: Mindburst
Press: ? - help, Shift-Dir - straight line, f/p - boulder beetle
Aim: a boulder beetle (severely wounded, chance to affect: 47%)
The boulder beetle resists with some effort.
The boulder beetle curls into a ball and begins rolling!
Unknown command.
Aiming: Mindburst
Press: ? - help, Shift-Dir - straight line, f/p - boulder beetle
Aim: a boulder beetle (severely wounded, rolling, chance to affect: 47%)
The boulder beetle's mind is blasted!
Unknown command.
Aiming: Mindburst
Press: ? - help, Shift-Dir - straight line, f/p - boulder beetle
Aim: a boulder beetle (almost dead, rolling, chance to affect: 47%)
The boulder beetle resists with some effort.
Aiming: Mindburst
Press: ? - help, Shift-Dir - straight line, f/p - boulder beetle
Aim: a boulder beetle (almost dead, rolling, chance to affect: 47%)
The boulder beetle resists with some effort.
The now-empty wand crumbles to dust.
You hit the boulder beetle.
The boulder beetle is almost dead.
The boulder beetle hits you!!
You die...

#..[...............
##.#'#'#########'...
##..#[##........[#.#.
##..##)##.........#.#.
##...#...##..##...##...
#...##°".##..)##..#..##
##...#.°|..##..#..##.##
##...##.B...##.....#..#
#....#..@....##...##..##
#.#.##.......##...#....##
#...#.........##.##.#....
##).##.........##.#..##...
#...#'#'#######+#'#.####..
#...#.##).#.#)#..##.# #..
#..##. #..#.#.#..#..# ##.
#..##. ##.#.#.#.##.## #..
##.###. #.#.#.#.#..# ##..


You could see a boulder beetle (rolling).

Vanquished Creatures
  A hydra (D:10)
  A centaur warrior (D:10)
  A boulder beetle (D:8)
  A two-headed ogre (D:10)
  A deep elf pyromancer (D:10)
  2 ugly things
  Maurice (D:9)
  2 gargoyles
  A komodo dragon (D:9)
  An efreet (D:10)
  A tengu conjurer (D:8)
  2 trolls (D:10)
  A slime creature (D:10)
  A wyvern (D:8)
  A wraith (D:10)
  3 yaks
  A shadow (D:10)
  Grum (D:9)
  A vampire mosquito (D:10)
  A steam dragon (D:6)
  Menkaure (D:5)
  2 water moccasins
  4 orc warriors
  2 ice beasts
  A sky beast (D:8)
  2 black bears
  5 centaurs
  An ogre (D:7)
  3 wolves (D:9)
  A phantom (D:5)
  A kobold brigand (D:7)
  2 gnoll sergeants (D:7)
  8 bullfrogs
  6 scorpions
  5 wights (D:8)
  19 killer bees
  A vampire bat (D:5)
  13 howler monkeys
  7 hounds
  3 orc priests
  2 iguanas
  A sleepcap (D:8)
  16 orc wizards
  7 gnolls (D:7)
  4 adders
  A shadow imp (D:7)
  2 white imps
  4 worms
  2 dart slugs
  3 fire bats (D:5)
  49 orcs
  2 spectral bats (D:5)
  16 bats
  3 bat skeletons (D:5)
  A bat zombie (D:5)
  6 endoplasms
  4 giant cockroaches
  10 goblins
  7 hobgoblins
  3 quokkas
  8 ball pythons
  A bat simulacrum (D:5)
  2 frilled lizards
  14 kobolds
  3 rats
283 creatures vanquished.

Notes
Turn   | Place    | Note
-------+----------+-------------------------------------------
     0 | D:1      | Peloso the Minotaur Fighter began the quest for the Orb.
     0 | D:1      | Reached XP level 1. HP: 19/19 MP: 0/0
   133 | D:1      | Reached XP level 2. HP: 16/27 MP: 1/1
   697 | D:2      | Reached XP level 3. HP: 33/33 MP: 2/2
   809 | D:2      | Reached skill level 3 in Long Blades
  1218 | D:3      | Reached XP level 4. HP: 38/41 MP: 3/3
  1418 | D:3      | Found a faded altar of an unknown god.
  1663 | D:3      | Reached skill level 4 in Long Blades
  1791 | D:4      | Found Qitaav's Antique Weapon Shoppe.
  1925 | D:4      | Reached XP level 5. HP: 38/47 MP: 4/4
  2261 | D:5      | Entered Level 5 of the Dungeon
  2336 | D:5      | Reached skill level 5 in Long Blades
  2487 | D:5      | Noticed a black bear
  2497 | D:5      | Killed a black bear
  2498 | D:5      | Reached skill level 5 in Armour
  2498 | D:5      | Reached XP level 6. HP: 36/55 MP: 5/5
  2590 | D:5      | Noticed Menkaure
  2598 | D:5      | Killed Menkaure
  2599 | D:5      | Reached skill level 5 in Fighting
  2599 | D:5      | Reached skill level 6 in Long Blades
  2794 | D:5      | Reached XP level 7. HP: 59/61 MP: 6/6
  2955 | D:5      | Found a glowing golden altar of the Shining One.
  3055 | D:5      | Reached skill level 5 in Shields
  3091 | D:5      | Reached skill level 7 in Long Blades
  3293 | D:6      | Noticed a steam dragon
  3302 | D:6      | Killed a steam dragon
  3303 | D:6      | Reached skill level 8 in Long Blades
  3303 | D:6      | Reached XP level 8. HP: 62/70 MP: 7/7
  3381 | D:6      | Reached skill level 1 in Dodging
  3842 | D:6      | Found a staircase to the Ecumenical Temple.
  3870 | Temple   | Entered the Ecumenical Temple
  3888 | Temple   | Became a worshipper of Warmaster Okawaru
  4336 | D:7      | Reached skill level 9 in Long Blades
  4762 | D:7      | Reached * piety under Okawaru
  4969 | D:7      | Reached XP level 9. HP: 68/77 MP: 8/8
  5580 | D:8      | Reached skill level 10 in Long Blades
  5852 | D:8      | Reached ** piety under Okawaru
  5865 | D:8      | Noticed a gargoyle
  5872 | D:8      | Noticed a komodo dragon
  6230 | D:9      | Killed a komodo dragon
  6356 | D:8      | Reached skill level 11 in Long Blades
  6444 | D:9      | Reached XP level 10. HP: 76/86 MP: 9/9
  6630 | D:9      | Killed a gargoyle
  6799 | D:8      | Reached *** piety under Okawaru
  6800 | D:8      | Reached skill level 10 in Armour
  6822 | D:8      | Found a staircase to the Lair.
  6923 | D:8      | Found Rimo's Magic Scroll Boutique.
  7032 | D:8      | Noticed a brown ugly thing
  7294 | D:8      | Killed a brown ugly thing
  7421 | D:8      | Noticed a boulder beetle
  7445 | D:8      | Killed a boulder beetle
  7674 | D:8      | Reached skill level 12 in Long Blades
  7746 | D:8      | Found a sacrificial altar of Ru.
  7746 | D:8      | Found a shimmering altar of Xom.
  8164 | D:9      | Noticed Maurice
  8173 | D:9      | Killed Maurice
  8251 | D:9      | Found Bihaegh's Assorted Antiques.
  8259 | D:9      | Bought a grey potion for 20 gold pieces
  8259 | D:9      | Bought a metallic yellow potion for 20 gold pieces
  8259 | D:9      | Bought a fuming golden potion for 20 gold pieces
  8259 | D:9      | Bought a fuming golden potion for 20 gold pieces
  8270 | D:9      | Reached **** piety under Okawaru
  8613 | D:9      | Noticed Grum
  8620 | D:9      | Reached skill level 10 in Shields
  8627 | D:9      | Killed Grum
  8630 | D:9      | Reached XP level 11. HP: 25/95 MP: 8/10
  9114 | D:10     | Entered Level 10 of the Dungeon
  9261 | D:10     | Reached skill level 1 in Invocations
  9296 | D:10     | Reached ***** piety under Okawaru
  9394 | D:10     | Noticed a two-headed ogre
  9406 | D:10     | Killed a two-headed ogre
  9407 | D:10     | Reached skill level 13 in Long Blades
  9910 | D:10     | Found the +5 scythe "Finisher" {speed, execute}
  9910 | D:10     | Noticed a deep elf pyromancer
  9910 | D:10     | Noticed a four-headed hydra
  9910 | D:10     | Noticed a white ugly thing
  9930 | D:10     | Killed a four-headed hydra
  9934 | D:10     | Noticed a centaur warrior
  9941 | D:10     | Killed a white ugly thing
  9941 | D:10     | Received a gift from Okawaru
  9947 | D:10     | Killed a centaur warrior
  9948 | D:10     | Reached skill level 1 in Staves
  9956 | D:10     | Killed a deep elf pyromancer
 10063 | D:10     | Noticed a boulder beetle
 10501 | D:10     | Slain by a boulder beetle

Illustrated notes

Levels and vault maps discovered:
D:1:      scummos_arrival_gate, layout_basic
D:2:      minmay_evil_eye, layout_basic, st_stairs_3
D:3:      layout_basic, ebering_ecumenical_altar_abandoned
D:4:      layout_cave_pools, serial_shops, nicolae_shop_dealshenge
D:5:      layout_loops_ring, lemuel_round_altar, goddamned_bats, uniq_menkaure
D:6:      layout_loops_ring, minmay_temple_entry_trees
D:7:      layout_layer_cave, nicolae_elevator_lobby_plus
D:8:      minmay_bloctagon_deflated, layout_cave_pods,
          gammafunk_temple_overflow_pools, due_lair_maze_entry_diamond,
          serial_shops, nicolae_shop_rolled_up
D:9:      layout_loops_ring, serial_shops, shop, uniq_maurice, uniq_grum
D:10:     minmay_the_grid_triangle_9x9_rhombus_thin
          [minmay_the_grid_triangle_9x9_wacky_v,
          minmay_the_grid_triangle_9x9_prize_center,
          minmay_the_grid_triangle_9x9_pentomino_pain,
          minmay_the_grid_triangle_9x9_empty], layout_layer_cave
Temple:   nicolae_temple_bog_church

Skill      XL: |  1  2  3  4  5  6  7  8  9 10 11 |
---------------+----------------------------------+-----
Shields        | 4 5 6 8 10 11 | 11.9
Fighting       | 4 5 6 7 8 |  8.9
Armour         | 4 5 6 8 9 11 | 11.7
Long Blades    | 3 4 5 6 8 9 11 12 13 | 13.4
Dodging        | 1 2 |  2.3
Invocations    | 1 |  1.3
Staves         | 1 |  1.1
Stealth        | |  0.7

Action                     |  1- 3 |  4- 6 |  7- 9 | 10-12 || total
---------------------------+-------+-------+-------+-------++-------
  Melee: Long sword        |   104 |   115 |   169 |       ||   388
         Headbutt          |    12 |    23 |    50 |    71 ||   156
         Falchion          |       |       |   193 |   347 ||   540
         Staff             |       |       |       |     6 ||     6
 Invoke: Heroism           |       |       |       |     8 ||     8
  Evoke: Wand              |       |       |       |     7 ||     7
    Use: Scroll            |     3 |       |     4 |     5 ||    12
         Potion            |       |       |       |     5 ||     5
 Armour: Scale mail        |    22 |       |       |       ||    22
         Chain mail        |    49 |    61 |       |       ||   110
         Plate armour      |       |    18 |   343 |   265 ||   626
  Dodge: Dodged            |    42 |    49 |   121 |   117 ||   329
  Block: Buckler           |    28 |    24 |    69 |       ||   121
         Kite shield       |       |       |   117 |   146 ||   263
         Tower shield      |       |       |       |   179 ||   179
